 Dungeon Crawl Stone Soup version 0.29-a0-284-gf9362112df (webtiles) character file.

Game seed: 12257946852134033083

4186 Zonian the Chiller (level 10, -1/79 (86) HPs)
             Began as a Demonspawn Ice Elementalist on Mar 19, 2022.
             Was a Believer of Ashenzari.
             Slain by a wight
             ... wielding a +3 flail of pain
              (6 damage)
             ... on level 8 of the Dungeon.
             The game lasted 00:36:23 (16024 turns).

Zonian the Chiller (Demonspawn Ice Elementalist)   Turns: 16024, Time: 00:36:25

HP:   -1/79 (86)    AC: 13    Str:  9    XL:     10   Next: 8%
MP:   17/23         EV: 16    Int: 19    God:    Ashenzari [**....]
Gold: 429           SH:  0    Dex: 15    Spells: 14/27 levels left

rFire   . . .      SeeInvis +   C - +0 short sword "Gnosis of Ashenzari" {vamp, Comp, Self} (curse)
rCold   . . .      Faith    .   (no shield)
rNeg    . . .      Spirit   .   a - +1 robe of Panopticon {Comp, Self} (curse)
rPois   .          Reflect  .   (no helmet)
rElec   .          Harm     .   (no cloak)
rCorr   .          Rampage  .   (no gloves)
Will    .....                   e - +0 pair of boots of Ashenzari's Moon {Cun, Comp} (curse)
Stlth   ++........              (no amulet)
HPRegen 0.23/turn               (no ring)
MPRegen 0.18/turn               (no ring)

@: ice-armoured, freezing walls, drained
A: rugged brown scales 2, demonic guardian 2, spiny 1
a: Renounce Religion, Curse Item, Shatter the Chains


You were on level 8 of the Dungeon.
You worshipped Ashenzari.
Ashenzari was pleased with you.
You visited 1 branch of the dungeon, and saw 8 of its levels.
You also visited: Sewer.

You collected 429 gold pieces.

Inventory:

Hand Weapons
 g - a +0 hunting sling
 j - a +0 short sword
 n - a +5 dagger
 p - a +5 morningstar
 s - a +0 falchion
 z - a +1 spear of flaming
 B - a +0 halberd of flaming
 C - the cursed +0 short sword "Gnosis of Ashenzari" (weapon) {vamp, Comp, Self}
   (You took it off a kobold on level 4 of the Dungeon)

   It occasionally heals its wielder for a portion of the damage dealt when it
   wounds a living foe.
   It has a curse which improves the following skills: Companions: Summonings
   and Necromancy.
   Introspection: Fighting and Spellcasting.
 D - a +1 dagger of chaos
 G - a +2 dagger of protection
 H - a +1 short sword of electrocution
 L - the +1 arbalest "Ejidgh" {vorpal, +Blink}
   (You found it on level 6 of the Dungeon)

   Any ammunition fired from it inflicts extra damage upon your enemies.
   +Blink:    It lets you blink.
 Q - a +2 whip of electrocution
 R - a +3 long sword
 S - a +1 dire flail
 T - a +4 short sword
Missiles
 f - 14 boomerangs
 o - 6 datura-tipped darts
 y - 27 poisoned darts
 A - 2 atropa-tipped darts
Armour
 a - the cursed +1 robe of Panopticon (worn) {Comp, Self}

   It has a curse which improves the following skills: Companions: Summonings
   and Necromancy.
   Introspection: Fighting and Spellcasting.
 e - the cursed +0 pair of boots of Ashenzari's Moon (worn) {Cun, Comp}
   (You found it on level 3 of the Dungeon)

   It has a curse which improves the following skills: Cunning: Dodging and
   Stealth.
   Companions: Summonings and Necromancy.
 v - a +0 leather armour
 M - +0 steam dragon scales
 P - a +1 scale mail of cold resistance
Magical Staves
 N - a staff of air
Scrolls
 d - a scroll of enchant armour
 i - a scroll of immolation
 q - 5 scrolls of teleportation
 F - a scroll of magic mapping
 I - a scroll of summoning
 J - a scroll of silence
 K - a scroll of enchant weapon
 O - a scroll of blinking
Potions
 b - 2 potions of magic
 c - 2 potions of invisibility
 h - a potion of mutation
 k - 3 potions of brilliance
 l - 2 potions of haste
 m - 4 potions of cancellation
 r - a potion of ambrosia
 t - a potion of curing
 u - a potion of attraction
 w - 2 potions of might
 x - a potion of berserk rage
 E - a potion of flight


   Skills:
 + Level 6.8(8.7) Fighting
 + Level 6.9(8.2) Dodging
 - Level 2.5(3.5) Stealth
 + Level 7.0(9.0) Spellcasting
 + Level 7.7 Ice Magic


You had 14 spell levels left.
You knew the following spells:

 Your Spells              Type           Power      Damage    Failure   Level
a - Freeze                Ice            100%       1d11      1%          1
b - Frozen Ramparts       Ice            74%        1d9       1%          3
c - Ozocubu's Armour      Ice            37%        N/A       1%          3
d - Hailstorm             Conj/Ice       23%        3d7       17%         4
e - Ensorcelled Hibernat  Hex/Ice        46%        N/A       2%          2

Your spell library contained the following spells:

 Spells                   Type           Power      Damage    Failure   Level
 Slow                     Hex            32%        N/A       9%          1
 Passwall                 Tmut/Erth      6%         N/A       12%         2
 Summon Ice Beast         Ice/Summ       23%        N/A       16%         4
 Ice Form                 Ice/Tmut       23%        N/A       17%         4
 Vampiric Draining        Necr           9%         2d6       22%         3
 Confusing Touch          Hex            8%         N/A       24%         3
 Stone Arrow              Conj/Erth      16%        3d8       24%         3
 Swiftness                Air            8%         N/A       24%         3
 Animate Armour           Summ/Erth      18%        N/A       58%         4
 Lehudib's Crystal Spear  Conj/Erth      4%         10d3      100%        8


Dungeon Overview and Level Annotations

Branches:
Dungeon (8/15)             Temple (0/1) D:4           Sewer (visited)
   Lair: D:8-11

Altars:
Ashenzari
Kikubaaqudgha
Makhleb
Nemelex Xobeh
Qazlal
Xom

Annotations:
D:3 Sigmund
D:5 1 exclusion, Menkaure
D:6 3 runed translucent doors, Patoropollo's ghost, novice TeFi


Innate Abilities, Weirdness & Mutations

You are mostly covered in rugged brown scales. (AC +2, +5% HP)
A demonic guardian rushes to your aid.
You are partially covered in sharp spines.


Message History

Unknown command.
Casting: Frozen Ramparts (safe; 1% risk of failure)
Confirm with . or Enter, or press ? or * to list all spells.
Casting: Frozen Ramparts (safe; 1% risk of failure)
Press: ? - help, Dir - look around, f - activate The walls around you are covered in ice.
The wall freezes the centaur.
The centaur hits you but does no damage.
The centaur misses you.
The wight resists.
The wall freezes the wight.
The wight misses you.
Casting: Frozen Ramparts (safe; 1% risk of failure)
Confirm with . or Enter, or press ? or * to list all spells.
A film of ice covers your body!
The wall freezes the centaur but does no damage.
The centaur hits you with a +2 mace of protection.
The centaur closely misses you.
The wight completely resists.
The wall freezes the wight but does no damage.
The wight hits you with a +3 flail of pain!
* * * LOW HITPOINT WARNING * * *
A demonic guardian appears!
You writhe in agony.
* * * LOW HITPOINT WARNING * * *
The wall freezes the centaur.
The centaur hits you with a +2 mace of protection!
* * * LOW HITPOINT WARNING * * *
The centaur barely misses you.
You hit the centaur but do no damage.
The centaur is moderately wounded.
The wall freezes the centaur!
The centaur completely misses you. The centaur closely misses you.
The wight resists.
The wall freezes the wight.
The wight hits you with a +3 flail of pain!
* * * LOW HITPOINT WARNING * * *
You feel drained.
* * * LOW HITPOINT WARNING * * *
You feel better.
The wall freezes the centaur.
The centaur hits you but does no damage.
The centaur kicks you.
* * * LOW HITPOINT WARNING * * *
The wight resists.
The wall freezes the wight.
The wight hits you with a +3 flail of pain.
You die...

#...#,, , #.#.#** * *
#...#####.. ###.#......, ,
, ####....# * *,**
#.......# * #..#...## *
#####.4#z..###### * *
#.....c@.#.[....#,* ,
#.###..#...####.#,# ,
#.###..##.#####.#.#
#.##............#.# *,
#.##...##.###.....# *
#####.##...##.###...#####.#
#.....##...##....[........#
#.######...#####.....######
#.# #..># #...#.Y.# #


You could see a centaur (ally target), a wight and a friendly hellwing
(summoned).

Vanquished Creatures
  Grinder (D:6)
  Grum (D:8)
  A wyvern (D:7)
  A steam dragon (D:8)
  3 sky beasts
  2 black bears
  An orc warrior (D:6)
  2 wolves (D:8)
  2 centaurs (D:7)
  4 kobold brigands
  2 bullfrogs (D:7)
  2 necrophages
  4 scorpions
  6 wights
  10 killer bees
  3 hounds
  A jelly (D:6)
  A gnoll shaman (D:7)
  An orc priest (D:5)
  An iguana (D:4)
  Ijyb (D:4)
  2 orc wizards
  8 adders
  4 gnolls (D:7)
  4 river rats (Sewer)
  3 white imps
  2 ufetubi (D:5)
  A worm (D:2)
  2 dart slugs (D:1)
  14 orcs
  7 ball pythons
  5 bats (D:1)
  6 endoplasms
  5 giant cockroaches
  2 goblins
  5 hobgoblins
  3 jackals
  3 quokkas
  5 frilled lizards
  22 kobolds
  5 rats
158 creatures vanquished.

Vanquished Creatures (collateral kills)
  A kobold demonologist (D:8)
  An ice beast (D:6)
  A wolf (D:8)
  A necrophage (D:7)
  2 wights
  An orc priest (D:5)
  An orc (D:8)
8 creatures vanquished.

Vanquished Creatures (others)
  A wight (D:7)
  11 plants (Sewer)
12 creatures vanquished.

Grand Total: 178 creatures vanquished

Notes
Turn   | Place    | Note
-------+----------+-------------------------------------------
     0 | D:1      | Zonian the Demonspawn Ice Elementalist began the quest for
                  | the Orb.
     0 | D:1      | Reached XP level 1. HP: 13/13 MP: 3/3
  1096 | D:1      | Gained mutation: You are partially covered in rugged brown
                  | scales. (AC +1, +3% HP) [demonic ancestry]
  1096 | D:1      | Reached XP level 2. HP: 13/19 MP: 1/5
  2321 | D:1      | Gained mutation: A weak demonic guardian rushes to your
                  | aid. [demonic ancestry]
  2321 | D:1      | Reached XP level 3. HP: 1/24 MP: 4/6
  3026 | D:2      | You fall into a shaft and drop 2 floors!
  3032 | D:4      | Noticed Ijyb
  3176 | D:2      | Found a faded altar of an unknown god.
  3245 | D:2      | Prayed at the altar of an unknown god.
  3245 | D:2      | Became a worshipper of Ashenzari the Shackled
  3618 | D:2      | Learned a level 3 spell: Frozen Ramparts
  3622 | D:2      | Learned a level 3 spell: Ozocubu's Armour
  4200 | D:3      | Noticed Sigmund
  5959 | D:4      | Reached XP level 4. HP: 28/30 MP: 5/8
  6325 | D:4      | Found a staircase to the Ecumenical Temple.
  6353 | D:4      | Noticed a black bear
  6447 | D:4      | Found a large runed translucent door.
  6448 | D:4      | Found a large runed translucent door.
  6483 | D:4      | Found a shimmering altar of Xom.
  6660 | D:4      | Reached XP level 5. HP: 32/36 MP: 6/9
  6789 | D:4      | Reached * piety under Ashenzari
  6801 | D:4      | Learned a level 4 spell: Hailstorm
  6906 | D:4      | Killed Ijyb
  7426 | D:4      | Killed a black bear
  7427 | D:4      | Reached skill level 1 in Fighting
  7427 | D:4      | Reached XP level 6. HP: 45/45 MP: 5/12
  8184 | D:5      | Entered Level 5 of the Dungeon
  8912 | D:5      | Reached skill level 5 in Ice Magic
  8912 | D:5      | Reached XP level 7. HP: 30/51 MP: 9/14
  9725 | D:5      | Learned a level 2 spell: Ensorcelled Hibernation
  9857 | D:5      | Noticed Menkaure
  9921 | D:6      | Found a runed translucent gate.
  9922 | D:6      | Found a runed translucent gate.
  9923 | D:6      | Noticed Patoropollo's ghost (novice TeFi)
  9927 | D:6      | Found a stormy altar of Qazlal.
  9933 | D:6      | Found a burning altar of Makhleb.
  9935 | D:6      | Found a sparkling altar of Nemelex Xobeh.
  9937 | D:6      | Found an ancient bone altar of Kikubaaqudgha.
  9943 | D:6      | Found a shimmering altar of Xom.
 10075 | D:6      | Found a runed translucent gate.
 10109 | D:6      | Reached ** piety under Ashenzari
 10264 | D:6      | Identified the +1 arbalest "Ejidgh" {vorpal, +Blink}
 10296 | D:6      | Found a glowing drain.
 10320 | Sewer    | Entered a sewer
 10647 | Sewer    | Gained mutation: You are partially covered in sharp spines.
                  | [demonic ancestry]
 10647 | Sewer    | Reached XP level 8. HP: 63/63 MP: 13/17
 11080 | Sewer    | Reached skill level 5 in Spellcasting
 11742 | D:6      | Reached skill level 5 in Dodging
 11823 | D:6      | Noticed Grinder
 11873 | D:6      | Killed Grinder
 12450 | D:7      | Reached skill level 5 in Fighting
 12505 | D:7      | Gained mutation: A demonic guardian rushes to your aid.
                  | [demonic ancestry]
 12505 | D:7      | Reached XP level 9. HP: 23/72 MP: 16/20
 14430 | D:8      | Noticed a kobold demonologist
 14434 | D:8      | Killed a kobold demonologist
 14889 | D:8      | Noticed a centaur warrior
 15427 | D:8      | Noticed Grum
 15441 | D:8      | Killed Grum
 15697 | D:8      | Gained mutation: You are mostly covered in rugged brown
                  | scales. (AC +2, +5% HP) [demonic ancestry]
 15697 | D:8      | Reached XP level 10. HP: 77/86 MP: 22/22
 16023 | D:8      | HP: 2/81 [wight/+3 flail of pain (10)]
 16024 | D:8      | Slain by a wight

Illustrated notes

Levels and vault maps discovered:
D:1:      onia_arrival_pentagram, layout_basic, st_stairs_5,
          serial_bayou_pond_d, corexii_hall_statues_l
D:2:      layout_loops_ring, hellmonk_ecumenical_altar_leap_of_faith,
          grunt_decor_junction, chequers_serial_rivers_small_b
D:3:      layout_loops_cross, uniq_sigmund
D:4:      due_chaos_kobolds, layout_layer_cave, minmay_temple_entry_trees,
          uniq_ijyb
D:5:      layout_rooms, kennysheep_generic_room_9, uniq_menkaure
D:6:      layout_basic, nicolae_overflow_hallway_of_the_gods,
          portal_sewer_entry_b, gammafunk_ghost_nasty_kobolds,
          serial_corexii_hall, corexii_hall_statues_l,
          corexii_hall_statues_deadend, chequers_hall_statues_corner_a,
          chequers_hall_statues_corner_a, nicolae_ossuary_entry_ruins,
          uniq_grinder
D:7:      layout_basic
D:8:      layout_loops_ring, hangedman_minor_gate_pass, uniq_grum

Skill      XL: |  1  2  3  4  5  6  7  8  9 10 |
---------------+-------------------------------+-----
Dodging        | 2 3 4 5 6 |  6.9
Stealth        | 2 |  2.5
Ice Magic      | 4 5 6 7 |  7.7
Spellcasting   | 3 4 5 6 7 |  7.0
Fighting       | 1 2 3 5 6 |  6.8

Action                   |  1- 3 |  4- 6 |  7- 9 | 10-12 || total
-------------------------+-------+-------+-------+-------++-------
Melee: Unarmed           |    10 |       |       |       ||    10
       Short sword       |     7 |    27 |   214 |    34 ||   282
       Dagger            |    17 |    56 |       |       ||    73
       Punch             |       |     2 |     3 |     1 ||     6
Throw: Dart              |       |       |     4 |       ||     4
       Boomerang         |       |       |     5 |       ||     5
 Cast: Freeze            |    64 |    27 |    16 |       ||   107
       Frozen Ramparts   |       |     5 |    16 |     2 ||    23
       Ozocubu's Armour  |       |     2 |     4 |     4 ||    10
Invok: Curse Item        |       |     2 |     1 |       ||     3
Evoke: Wand              |       |       |     7 |       ||     7
  Use: Scroll            |     7 |     4 |     5 |       ||    16
       Potion            |     1 |     1 |     3 |     1 ||     6
 Stab: Sleeping          |     2 |     2 |     3 |       ||     7
       Distracted        |       |     1 |       |       ||     1
Armor: Robe              |    32 |    39 |    67 |     8 ||   146
Dodge: Dodged            |    60 |    78 |   216 |    31 ||   385

Table legend: (Time is in decaauts)
 A = Elapsed time spent in this place.
 B = Non-inter-level travel time spent in this place.
 C = Inter-level travel time spent in this place.
 D = Time resting spent in this place.
 E = Time spent auto-exploring this place.
 F = Levels seen in this place.
 G = Mean time per level.
                   A        B        C        D        E       F      G
               +--------+--------+--------+--------+--------+-----+--------+
         Total |  16208 |  15949 |    259 |   7163 |   5819 |   9 | 1800.9 |
       Dungeon |  14998 |  14739 |    259 |   6843 |   5191 |   8 | 1874.8 |
         Sewer |   1210 |   1210 |      0 |    320 |    627 |   1 | 1210.0 |
               +--------+--------+--------+--------+--------+-----+--------+

Top non-repeatable levels by time:
     D:1: 2949 daAuts
     D:7: 2428 daAuts
     D:4: 2290 daAuts
     D:2: 1852 daAuts
     D:5: 1704 daAuts
     D:6: 1506 daAuts
   Sewer: 1210 daAuts
     D:8: 1171 daAuts
     D:3: 1093 daAuts
